 Dungeon Crawl Stone Soup version 0.31.0-11-ge490571c62 (webtiles) character file.

Game seed: 13590255617031608705

230 olmar the Digger (level 5, -2/38 HPs)
             Began as a Demigod Earth Elementalist on Jan 28, 2024.
             Slain by an orc
             ... wielding a +0 hand axe
              (6 damage)
             ... on level 3 of the Dungeon.
             The game lasted 00:04:40 (3072 turns).

olmar the Digger (Demigod Earth Elementalist)       Turns: 3072, Time: 00:04:40

Health: -2/38      AC:  2    Str:  9    XL:     5   Next: 43%
Magic:  1/13       EV: 12    Int: 21    God:
Gold:   127        SH:  0    Dex: 14    Spells: 2/10 levels left

rFire   . . .        (no weapon)
rCold   . . .        (no shield)
rNeg    . . .        a - +0 robe
rPois   .            (no helmet)
rElec   .            (no cloak)
rCorr   .            (no gloves)
SInv    .            (no boots)
Will    .....        (no amulet)
Stlth   ++           (no ring)
HPRegen 0.26/turn    (no ring)
MPRegen 0.13/turn

%: no passive effects
@: no status effects
A: high MP 1, forlorn, divine attributes
a: no special abilities


You were on level 3 of the Dungeon.
You visited 1 branch of the dungeon, and saw 4 of its levels.

You collected 127 gold pieces.

Inventory:

Missiles
 c - 13 poisoned darts
 n - a throwing net
Armour
 a - a +0 robe (worn)
Talismans
 d - a flux talisman
Scrolls
 e - 2 scrolls of enchant weapon
 f - a scroll of amnesia
 g - a scroll of noise
 h - a scroll of fog
 j - a scroll of vulnerability {unknown}
 o - a scroll of blinking {unknown}
 p - a scroll of teleportation {unknown}
Potions
 b - a potion of magic
 i - a potion of mutation
 k - a potion of enlightenment
 l - a potion of curing
 m - a potion of brilliance
 q - 2 potions of haste


   Skills:
 + Level 0.1 Fighting
 + Level 2.0 Dodging
 + Level 1.9 Stealth
 + Level 3.4 Spellcasting
 + Level 0.8 Conjurations
 + Level 4.6 Earth Magic


You had 2 spell levels left.
You knew the following spells:

 Your Spells              Type           Power      Damage    Failure   Level
a - Sandblast             Erth           46%        2d11      1%          1
b - Stone Arrow           Conj/Erth      30%        3d8       12%         3
c - Petrify               Alch/Erth      13%        N/A       43%         4

Your spell library contained the following spells:

 Spells                   Type           Power      Damage    Failure   Level
 Call Imp                 Summ           6%         N/A       19%         2
 Sublimation of Blood     Necr           3%         N/A       19%         2
 Passwall                 Erth           23%        N/A       5%          3
 Brom's Barrelling Bould  Conj/Erth      15%        2d4       38%         4
 Summon Hydra             Summ           1%         N/A       100%        7


Dungeon Overview and Level Annotations

Branches:
Dungeon (4/15)
 Temple: D:4-7

Shops:
D:1 [[??


Innate Abilities, Weirdness & Mutations

You have an increased reservoir of magic. (+10% MP)
You shall have no god before yourself.
Your divine heritage dramatically boosts your attributes as you level up.


Message History

Deactivating autopickup; reactivate with Ctrl-A.
The blast of sand misses the orc.
The orc hits you with a +0 hand axe.
You hear some strange, mumbled words.
A magic dart appears from out of thin air!
The magic dart hits you! The orc hits you with a +0 hand axe.
Unknown command.
You hear some strange, mumbled words.
A puff of flame appears from out of thin air!
The puff of flame hits you!
* * * LOW HITPOINT WARNING * * *
The orc misses you.
You climb upwards.
Reactivating autopickup.
There is a stone staircase leading down here.
Unknown command.
You feel better. Something hits you.
* * * LOW HITPOINT WARNING * * *
Deactivating autopickup; reactivate with Ctrl-A.
The orc hits you but does no damage. Something hits you.
* * * LOW HITPOINT WARNING * * *
Aiming: Sandblast (safe; 1% risk of failure)
Press: ? - help, Q - select action, (/) - cycle Shift-Dir - straight line, f - orc
Aim: an orc, wielding a +0 hand axe and wearing a +0 scale mail (lightly wounded, 85% to hit)
The blast of sand hits the orc but does no damage.
The orc is lightly wounded.
Aiming: Sandblast (safe; 1% risk of failure)
Press: ? - help, Q - select action, (/) - cycle Shift-Dir - straight line, f/p - orc
Aim: an orc, wielding a +0 hand axe and wearing a +0 scale mail (lightly wounded, 85% to hit)
The blast of sand hits the orc but does no damage.
The orc is lightly wounded.
The orc hits you with a +0 hand axe!
* * * LOW HITPOINT WARNING * * *
Aiming: Sandblast (safe; 1% risk of failure)
Press: ? - help, Q - select action, (/) - cycle Shift-Dir - straight line, f/p - orc
Aim: an orc, wielding a +0 hand axe and wearing a +0 scale mail (lightly wounded, 85% to hit)
The blast of sand hits the orc.
The orc is moderately wounded.
The orc hits you with a +0 hand axe.
You die...

###.......##.##############.#
......>...##.####### #.#
###................# #.#
#................# ####.#
#.......#.######.# #..†)#
#.......#.# #.#####.####
####.#.##.# #.......#
######....#.######>####..#
............##..@o....[..#
..##..(.....##.###.####..#
....))..†...##.###.####..#
###.####....##...........#
#.....##..#.##..##.####..#
.......#.###.#..##.## #..#
.......#)# ##.......# #..#
..._.....###.#..##..# #..#
.......#..#.##..##..###..#


You could see an orc.

Vanquished Creatures
  An iguana (D:3)
  Natasha (thrice) (D:3)
  4 gnolls
  2 adders (D:3)
  A dart slug (D:1)
  3 orcs (D:4)
  7 ball pythons
  6 endoplasms
  2 giant cockroaches (D:2)
  7 goblins
  5 hobgoblins
  8 jackals (D:3)
  7 kobolds
  2 quokkas
  3 bats
  3 frilled lizards
  5 rats
69 creatures vanquished.

Notes
Turn   | Place    | Note
-------+----------+-------------------------------------------
     0 | D:1      | olmar the Demigod Earth Elementalist began the quest for
                  | the Orb.
     0 | D:1      | Reached XP level 1. HP: 14/14 MP: 5/5
   132 | D:1      | Reached skill level 3 in Earth Magic
   208 | D:1      | Reached XP level 2. HP: 20/20 MP: 4/7
   330 | D:1      | Found Mumalate's Antique Armour Boutique.
   502 | D:1      | Found Viz Jayv's Magic Scroll Emporium.
   562 | D:1      | Found Pycuet's Magic Scroll Emporium.
   751 | D:1      | Found Vaits's Antique Armour Emporium.
  1372 | D:2      | Reached XP level 3. HP: 26/26 MP: 6/8
  1379 | D:2      | Learned a level 3 spell: Stone Arrow
  2025 | D:3      | Noticed Natasha
  2029 | D:3      | Killed Natasha
  2030 | D:3      | Reached XP level 4. HP: 23/33 MP: 3/10
  2048 | D:3      | Learned a level 4 spell: Petrify
  2116 | D:3      | Reached skill level 4 in Earth Magic
  2353 | D:3      | Noticed Natasha
  2355 | D:3      | Killed Natasha
  2638 | D:3      | Reached XP level 5. HP: 38/38 MP: 9/12
  2652 | D:3      | Noticed Natasha
  2657 | D:3      | Killed Natasha
  2893 | D:3      | Identified the +0 pair of gloves of the Trees {rC+++ Regen+
                  | Str-3 Stlth+}
  3072 | D:3      | Slain by an orc

Illustrated notes

Levels and vault maps discovered:
D:1:      erik_arrival_cave_to_civilisation [erik_arrival_cave_to_hall],
          layout_loops_ring, serial_shops, nicolae_shop_tiny_waterfront, shop,
          nicolae_shop_tiny_glass, shop
D:2:      layout_basic
D:3:      layout_loops_ring, old_standard_altar, mainiacjoe_overflow_boulevard,
          hellmonk_ecumenical_altar_dog_temple, minmay_starry_boxes,
          uniq_natasha
D:4:      layout_loops_ring, temple_doors_cd

Skill      XL: |  1  2  3  4 |
---------------+-------------+-----
Earth Magic    | 3 4 |  4.6
Dodging        | 2 |  2.0
Spellcasting   | 2 3 |  3.4
Fighting       | |  0.1
Stealth        | |  1.9
Conjurations   | |  0.8

Action                     |  1- 3 |  4- 6 || total
---------------------------+-------+-------++-------
  Melee: Unarmed           |     1 |       ||     1
   Cast: Sandblast         |    70 |    51 ||   121
    Use: Scroll            |     4 |     5 ||     9
         Potion            |       |     1 ||     1
 Armour: Robe              |    19 |    20 ||    39
  Dodge: Dodged            |    31 |    23 ||    54
